SAA
MINNESOTA LOONS @ DURHAM RAPIERS
09/13/2027
 
TOP OF THE 1ST
Minnesota Loons batting - Pitching for Durham Rapiers : RHP Christian Harris
Pitching: RHP Christian Harris
Batting: LHB Juan Aranda 0-0: Ball
1-0: SINGLE (Line Drive, 6D)
Batting: RHB Jorge Arreola 0-0: Swinging Strike
0-1: SINGLE (Groundball, 25) (infield hit)
Juan Aranda to second
Batting: SHB Lowell Moon 0-0: Ball
1-0: Ball
2-0: Called Strike
2-1: Foul Ball, location: 2F
2-2: SINGLE (Line Drive, 89S)
Juan Aranda to third
Jorge Arreola to second
Runner from 3rd tries for Home, SAFE, no throw
Batting: RHB Salvador Esparza 0-0: Ball
1-0: Foul Ball, location: 2F
1-1: Called Strike
1-2: Ball
2-2: Foul Ball, location: 2F
2-2: Fielders Choice at 2nd, 1-6 (Groundball, P)
Jorge Arreola to third
Batting: RHB Taylor Landis 0-0: Ball
1-0: Called Strike
1-1: Ball
2-1: Foul Ball, location: 2F
2-2: Ball
3-2: Foul Ball, location: 2F
3-2: DOUBLE (Line Drive, 7)
Jorge Arreola scores
Salvador Esparza to third
Runner from 3rd tries for Home, SAFE, no throw
Batting: RHB Jing-sheng Joo 0-0: Ball
1-0: Called Strike
1-1: Foul Ball, location: 2F
1-2: Ground out 6-3 (Groundball, 6)
Batting: RHB Alex Rucker 0-0: Foul Ball, location: 2F
0-1: Foul Ball, location: 2F
0-2: Strikes out swinging
Top of the 1st over - 3 run(s), 4 hit(s), 0 error(s), 1 left on base; Minnesota 3 - Durham 0
BOTTOM OF THE 1ST
Durham Rapiers batting - Pitching for Minnesota Loons : RHP Jesús Hernández
Pitching: RHP Jesús Hernández
Batting: RHB Orlando Montoya 0-0: Foul Ball, location: 2F
0-1: Ball
1-1: Ground out U3 (Groundball, 3)
Batting: LHB Steve Costillo 0-0: Ball
1-0: Foul Ball, location: 2F
1-1: Ball
2-1: Foul Ball, location: 2F
2-2: Ball
3-2: Foul Ball, location: 2F
3-2: Base on Balls
Batting: SHB Marcos Roa 0-0: Ball
1-0: Ball
Steve Costillo steals 2nd base
2-0: Called Strike
2-1: Ball
3-1: Base on Balls
Batting: RHB António Díaz 0-0: Swinging Strike
0-1: Ball
1-1: Foul Ball, location: 2F
1-2: Fly out, F6 (Line Drive, 6)
Batting: RHB Luis Martínez 0-0: Ball
1-0: Swinging Strike
1-1: Swinging Strike
1-2: Ground out 5-3 (Groundball, 56S)
Bottom of the 1st over - 0 run(s), 0 hit(s), 0 error(s), 2 left on base; Minnesota 3 - Durham 0
TOP OF THE 2ND
Minnesota Loons batting - Pitching for Durham Rapiers : RHP Christian Harris
Batting: RHB Randolph Descoteaux 0-0: Called Strike
0-1: Ball
1-1: Swinging Strike
1-2: Ball
2-2: SINGLE (Line Drive, 78M)
Batting: RHB Nelson Jaramillo 0-0: Called Strike
0-1: Ball
1-1: Fly out, F8 (Flyball, 8LM)
Batting: LHB Juan Aranda 0-0: Grounds into double play, 4-6-3 (Groundball, 34)
Top of the 2nd over - 0 run(s), 1 hit(s), 0 error(s), 0 left on base; Minnesota 3 - Durham 0
BOTTOM OF THE 2ND
Durham Rapiers batting - Pitching for Minnesota Loons : RHP Jesús Hernández
Batting: SHB Anthony Hopkins 0-0: Ball
1-0: Foul Ball, location: 2F
1-1: SINGLE (Groundball, 4S) (infield hit)
Batting: RHB Rick McGuire 0-0: Ball
1-0: Called Strike
1-1: Foul Ball, location: 2F
1-2: Foul Ball, location: 2F
1-2: Foul Ball, location: 2F
1-2: Foul Ball, location: 2F
1-2: Fly out, F7 (Flyball, 78S)
Batting: RHB Dave Sienna 0-0: Ball
1-0: Ball
2-0: Foul Ball, location: 2F
2-1: Swinging Strike
2-2: Foul Ball, location: 2F
2-2: Strikes out looking
Batting: RHB Bill Allen 0-0: Ball
1-0: Called Strike
1-1: Ball
2-1: Swinging Strike
2-2: Ball
3-2: Foul Ball, location: 2F
3-2: Strikes out swinging
Bottom of the 2nd over - 0 run(s), 1 hit(s), 0 error(s), 1 left on base; Minnesota 3 - Durham 0
TOP OF THE 3RD
Minnesota Loons batting - Pitching for Durham Rapiers : RHP Christian Harris
Batting: RHB Jorge Arreola 0-0: Ground out 4-3 (Groundball, 4)
Batting: SHB Lowell Moon 0-0: Ball
1-0: Fly out, F9 (Flyball, 89M)
Batting: RHB Salvador Esparza 0-0: Foul Ball, location: 2F
0-1: Fly out, F9 (Flyball, 9S)
Top of the 3rd over - 0 run(s), 0 hit(s), 0 error(s), 0 left on base; Minnesota 3 - Durham 0
BOTTOM OF THE 3RD
Durham Rapiers batting - Pitching for Minnesota Loons : RHP Jesús Hernández
Batting: RHB Orlando Montoya 0-0: Foul Ball, location: 2F
0-1: Swinging Strike
0-2: Ball
1-2: Ball
2-2: Strikes out swinging
Batting: LHB Steve Costillo 0-0: Called Strike
0-1: Ball
1-1: Foul Ball, location: 2F
1-2: Foul Ball, location: 2F
1-2: Fly out, F8 (Line Drive, 89M)
Batting: SHB Marcos Roa 0-0: Swinging Strike
0-1: Foul Ball, location: 2F
0-2: Fly out, F7 (Line Drive, 7D)
Bottom of the 3rd over - 0 run(s), 0 hit(s), 0 error(s), 0 left on base; Minnesota 3 - Durham 0
TOP OF THE 4TH
Minnesota Loons batting - Pitching for Durham Rapiers : RHP Christian Harris
Batting: RHB Taylor Landis 0-0: Ball
1-0: Ball
2-0: Foul Ball, location: 2F
2-1: Foul Ball, location: 2F
2-2: Strikes out looking
Batting: RHB Jing-sheng Joo 0-0: Ball
1-0: Ground out 4-3 (Groundball, 4)
Batting: RHB Alex Rucker 0-0: Fly out, F4 (Flyball, 4D)
Top of the 4th over - 0 run(s), 0 hit(s), 0 error(s), 0 left on base; Minnesota 3 - Durham 0
BOTTOM OF THE 4TH
Durham Rapiers batting - Pitching for Minnesota Loons : RHP Jesús Hernández
Batting: RHB António Díaz 0-0: Called Strike
0-1: Ball
1-1: Ball
2-1: Swinging Strike
2-2: Ball
3-2: Strikes out swinging
Batting: RHB Luis Martínez 0-0: Ball
1-0: Ground out 3-1 (Groundball, 34)
Batting: SHB Anthony Hopkins 0-0: Ball
1-0: Ball
2-0: Swinging Strike
2-1: Ball
3-1: Base on Balls
Batting: RHB Rick McGuire 0-0: DOUBLE (Groundball, 5L)
Anthony Hopkins to third
Batting: RHB Dave Sienna 0-0: Ball
1-0: Foul Ball, location: 2F
1-1: Ball
2-1: Ball
3-1: Foul Ball, location: 2F
3-2: Strikes out looking
Bottom of the 4th over - 0 run(s), 1 hit(s), 0 error(s), 2 left on base; Minnesota 3 - Durham 0
TOP OF THE 5TH
Minnesota Loons batting - Pitching for Durham Rapiers : RHP Christian Harris
Batting: RHB Randolph Descoteaux 0-0: Ball
1-0: Ball
2-0: Called Strike
2-1: Foul Ball, location: 2F
2-2: Ground out 5-3 (Groundball, 56)
Batting: RHB Nelson Jaramillo 0-0: Ball
1-0: Ball
2-0: Foul Ball, location: 2F
2-1: Foul Ball, location: 2F
2-2: Foul Ball, location: 2F
2-2: Ball
3-2: Fly out, F9 (Flyball, 9S)
Batting: LHB Juan Aranda 0-0: Ball
1-0: Ball
2-0: Ball
3-0: Base on Balls
Batting: RHB Jorge Arreola 0-0: Ball
1-0: Ball
2-0: Ball
Juan Aranda steals 2nd base
3-0: Swinging Strike
3-1: Foul Ball, location: 2F
3-2: Foul Ball, location: 2F
3-2: Foul Ball, location: 2F
3-2: Ground out 6-3 (Groundball, 56)
Top of the 5th over - 0 run(s), 0 hit(s), 0 error(s), 1 left on base; Minnesota 3 - Durham 0
BOTTOM OF THE 5TH
Durham Rapiers batting - Pitching for Minnesota Loons : RHP Jesús Hernández
Batting: RHB Bill Allen 0-0: Swinging Strike
0-1: Ball
1-1: Ball
2-1: Foul Ball, location: 2F
2-2: Fly out, F3 (Popup, 3L)
Batting: RHB Orlando Montoya 0-0: Swinging Strike
0-1: Fly out, F9 (Flyball, 9D)
Batting: LHB Steve Costillo 0-0: Foul Ball, location: 2F
0-1: SINGLE (Line Drive, 5D)
Batting: SHB Marcos Roa 0-0: Ball
1-0: Called Strike
1-1: Ball
2-1: Ball
3-1: Base on Balls
Steve Costillo to second
Batting: RHB António Díaz 0-0: Ball
1-0: Called Strike
1-1: Called Strike
1-2: Ground out 5-3 (Groundball, 56S)
Bottom of the 5th over - 0 run(s), 1 hit(s), 0 error(s), 2 left on base; Minnesota 3 - Durham 0
TOP OF THE 6TH
Minnesota Loons batting - Pitching for Durham Rapiers : RHP Christian Harris
Batting: SHB Lowell Moon 0-0: Ball
1-0: Foul Ball, location: 2F
1-1: Ball
2-1: DOUBLE (Line Drive, 9LS)
Batting: RHB Salvador Esparza 0-0: Called Strike
0-1: Foul Ball, location: 2F
0-2: Foul Ball, location: 2F
0-2: Ball
1-2: SINGLE (Groundball, 6M) (infield hit)
Lowell Moon to third
Batting: RHB Taylor Landis 0-0: Called Strike
0-1: Ball
1-1: Ball
2-1: Ground out 5-3 (Groundball, 5S)
Salvador Esparza to second
Batting: RHB Jing-sheng Joo 0-0: Ground out 5-3 (Groundball, 56)
Batting: RHB Alex Rucker 0-0: Ball
1-0: Called Strike
1-1: Reached on error, E5 (Groundball, 5)
Lowell Moon scores
Salvador Esparza scores
Pitching: LHP Steve Seabolt
Batting: RHB Randolph Descoteaux 0-0: Ball
1-0: Foul Ball, location: 2F
1-1: Foul Ball, location: 2F
1-2: SINGLE (Flyball, 8LS)
Alex Rucker to third
Runner from 3rd tries for Home, SAFE, no throw
Batting: RHB Nelson Jaramillo 0-0: DOUBLE (Flyball, 8RM)
Randolph Descoteaux to third
Runner from 3rd tries for Home, SAFE, throw made home
Batting: LHB Juan Aranda 0-0: Swinging Strike
0-1: Foul Ball, location: 2F
0-2: Strikes out swinging
Top of the 6th over - 4 run(s), 4 hit(s), 1 error(s), 1 left on base; Minnesota 7 - Durham 0
BOTTOM OF THE 6TH
Durham Rapiers batting - Pitching for Minnesota Loons : RHP Jesús Hernández
Batting: RHB Luis Martínez 0-0: Ball
1-0: Foul Ball, location: 2F
1-1: Ball
2-1: Ground out 6-3 (Groundball, 6)
Pitching: RHP Oriol Razo
Batting: SHB Anthony Hopkins 0-0: Called Strike
0-1: Ball
1-1: Swinging Strike
1-2: Ground out 4-3 (Groundball, 4)
Batting: RHB Rick McGuire 0-0: Ball
1-0: Called Strike
1-1: Ball
2-1: Foul Ball, location: 2F
2-2: Strikes out looking
Bottom of the 6th over - 0 run(s), 0 hit(s), 0 error(s), 0 left on base; Minnesota 7 - Durham 0
TOP OF THE 7TH
Minnesota Loons batting - Pitching for Durham Rapiers : LHP Steve Seabolt
Batting: RHB Jorge Arreola 0-0: Ball
1-0: Called Strike
1-1: Ball
2-1: Called Strike
2-2: Strikes out looking
Batting: SHB Lowell Moon 0-0: Called Strike
0-1: Swinging Strike
0-2: Strikes out swinging
Batting: RHB Salvador Esparza 0-0: Ball
1-0: Ball
2-0: Called Strike
2-1: Swinging Strike
2-2: Fly out, F6 (Line Drive, 6)
Top of the 7th over - 0 run(s), 0 hit(s), 0 error(s), 0 left on base; Minnesota 7 - Durham 0
BOTTOM OF THE 7TH
Durham Rapiers batting - Pitching for Minnesota Loons : RHP Oriol Razo
Batting: RHB Dave Sienna 0-0: Ball
1-0: Ball
2-0: Foul Ball, location: 2F
2-1: Foul Ball, location: 2F
2-2: SINGLE (Line Drive, 8LS)
Batting: RHB Bill Allen 0-0: SINGLE (Line Drive, 89S)
Dave Sienna to second
Batting: RHB Orlando Montoya 0-0: Ball
1-0: Foul Ball, location: 2F
1-1: Called Strike
1-2: Ball
2-2: Strikes out swinging
Batting: LHB Steve Costillo 0-0: Ball
Dave Sienna steals 3rd base
Bill Allen to second
1-0: Called Strike
1-1: Ball
2-1: Ground out 1-3 (Groundball, 15S)
Batting: SHB Marcos Roa 0-0: Ball
1-0: Ball
2-0: Ball
3-0: Called Strike
3-1: Base on Balls
Batting: RHB António Díaz 0-0: Called Strike
0-1: Ball
1-1: Called Strike
1-2: Strikes out swinging
Bottom of the 7th over - 0 run(s), 2 hit(s), 0 error(s), 3 left on base; Minnesota 7 - Durham 0
TOP OF THE 8TH
Minnesota Loons batting - Pitching for Durham Rapiers : LHP Steve Seabolt
Batting: RHB Taylor Landis 0-0: SOLO HOME RUN (Flyball, 9D), Distance : 383 ft
Batting: RHB Jing-sheng Joo 0-0: Foul Ball, location: 2F
0-1: Called Strike
0-2: Strikes out swinging
Batting: RHB Alex Rucker 0-0: Fly out, F7 (Flyball, 7S)
Batting: RHB Randolph Descoteaux 0-0: Swinging Strike
0-1: Called Strike
0-2: Strikes out looking
Top of the 8th over - 1 run(s), 1 hit(s), 0 error(s), 0 left on base; Minnesota 8 - Durham 0
BOTTOM OF THE 8TH
Durham Rapiers batting - Pitching for Minnesota Loons : RHP Oriol Razo
Batting: RHB Luis Martínez 0-0: Ball
1-0: Fly out, F5 (Line Drive, 5)
Batting: SHB Anthony Hopkins 0-0: Called Strike
0-1: Swinging Strike
0-2: Foul Ball, location: 2F
0-2: Ball
1-2: Ball
2-2: Ball
3-2: Strikes out swinging
Batting: RHB Rick McGuire 0-0: Ball
1-0: Foul Ball, location: 2F
1-1: Ball
2-1: SINGLE (Groundball, 56D)
Batting: RHB Dave Sienna 0-0: Called Strike
0-1: Ball
1-1: Ball
2-1: Foul Ball, location: 2F
2-2: Strikes out swinging
Bottom of the 8th over - 0 run(s), 1 hit(s), 0 error(s), 1 left on base; Minnesota 8 - Durham 0
TOP OF THE 9TH
Minnesota Loons batting - Pitching for Durham Rapiers : LHP Steve Seabolt
Batting: RHB Nelson Jaramillo 0-0: Ball
1-0: Ball
2-0: DOUBLE (Groundball, 5L)
Batting: LHB Juan Aranda 0-0: Ball
1-0: Foul Ball, location: 2F
1-1: Swinging Strike
1-2: Foul Ball, location: 2F
1-2: Ball
2-2: Ball
3-2: SINGLE (Line Drive, 4D)
Nelson Jaramillo to third
Runner from 3rd tries for Home, SAFE, no throw
Batting: RHB Jorge Arreola 0-0: Called Strike
0-1: Foul Ball, location: 2F
0-2: Ball
1-2: Ball
2-2: Grounds into double play, 6-4-3 (Groundball, 6D)
Batting: SHB Lowell Moon 0-0: Ball
1-0: Ball
2-0: Called Strike
2-1: Ball
3-1: SINGLE (Line Drive, 7LS)
Batting: RHB Salvador Esparza 0-0: Called Strike
0-1: Ball
1-1: Ball
2-1: Foul Ball, location: 2F
2-2: Fly out, F5 (Line Drive, 56)
Top of the 9th over - 1 run(s), 3 hit(s), 0 error(s), 1 left on base; Minnesota 9 - Durham 0
BOTTOM OF THE 9TH
Durham Rapiers batting - Pitching for Minnesota Loons : RHP Oriol Razo
Now in LF: Nathaniel Griffin
Now in RF: Carey Heidemann
Batting: RHB Bill Allen 0-0: Fly out, F8 (Line Drive, 8RD)
Pinch Hitting: LHB Martín Cruz 0-0: Called Strike
0-1: Ball
1-1: Swinging Strike
1-2: SINGLE (Groundball, 56S) (infield hit)
Pitching: RHP José Juárez
Batting: LHB Steve Costillo 0-0: Ball
1-0: Foul Ball, location: 2F
1-1: Ball
2-1: SINGLE (Groundball, 4MD)
Martín Cruz to second
Batting: SHB Marcos Roa 0-0: Ball
1-0: Ball
2-0: Ball
3-0: Base on Balls
Martín Cruz to third
Steve Costillo to second
Batting: RHB António Díaz 0-0: Ball
1-0: Ball
2-0: Swinging Strike
2-1: Ball
3-1: Base on Balls
Martín Cruz scores
Steve Costillo to third
Marcos Roa to second
Batting: RHB Luis Martínez 0-0: SINGLE (Line Drive, 7S)
Steve Costillo scores
Marcos Roa to third
António Díaz to second
Runner from 3rd tries for Home, SAFE, throw made home
António Díaz to third
Luis Martínez to second
Batting: SHB Anthony Hopkins 0-0: Ball
1-0: Foul Ball, location: 2F
1-1: Ball
2-1: Ball
3-1: Fly out, F8 (Flyball, 8LS)
Batting: RHB Rick McGuire 0-0: Called Strike
0-1: Ball
1-1: 3-RUN HOME RUN (Flyball, 9LD), Distance : 349 ft
Batting: RHB Dave Sienna 0-0: Ball
1-0: Ball
2-0: Foul Ball, location: 2F
2-1: Swinging Strike
2-2: Fly out, F9 (Flyball, 9S)
Bottom of the 9th over - 6 run(s), 4 hit(s), 0 error(s), 0 left on base; Minnesota 9 - Durham 6
Saturday, May 26th, 2018 - OOTP Baseball 17.12 Build 75